Map: 로스트 앤 파운드 - 래더

Players

lIIllllIIlll (INnoVation)

  • Race: Terran Terran
  • League: Master
  • Spawn Location: 7:00

PartinG - Winner!

  • Race: Protoss Protoss
  • League: Master
  • Spawn Location: 1:00

Event: HomeStory Cup XVII

VOD

Have the link to the VOD?

Description

Time

  • Played on: June 29, 2018, 1:09 p.m.
  • Length: 10:58

All games in this series

Show
View Real Time Build Order
Export as new Build Order

lIIllllIIlll Terran 

Build Orders: Gas First Reaper Expand, Reaper Expand, Banshee Rush 

Get SALT Encoding   

  12  0:00  SCV  
  13  0:13  SCV  
  14  0:17  Supply Depot  
  14  0:25  SCV  
  14  0:28  Refinery  
  15  0:39  SCV  
  16  0:44  Barracks  
  16  0:51  SCV  
  17  1:03  SCV  
  18  1:15  SCV  
  19  1:30  Orbital Command  
  19  1:31  Reaper  
  20  1:51  Command Center  
  20  1:57  SCV  
  20  1:58  Factory  
  21  2:05  Barracks Reactor  
  21  2:09  Refinery  
  21  2:10  SCV  
  21  2:14  Supply Depot  
  22  2:22  SCV  
  23  2:36  SCV  
  24  2:42  Widow Mine  
  24  2:43  Marine x2  
  28  2:44  Starport  
  28  2:48  SCV  
  29  2:52  Supply Depot  
  28  3:00  SCV  
  28  3:01  Marine x2  
  28  3:04  Factory Tech Lab  
  31  3:12  SCV  
  31  3:20  Orbital Command, Marine  
  31  3:22  Marine  
  31  3:26  Cloaking Field  
  33  3:29  SCV  
  34  3:36  Factory Tech Lab  
  34  3:38  Banshee  
  37  3:44  Marine x2  
  37  3:46  SCV  
  37  3:47  SCV  
  40  3:55  Siege Tank  
  43  3:58  Refinery  
  43  3:59  SCV  
  43  4:00  SCV  
  45  4:05  Supply Depot  
  45  4:07  Marine x2  
  47  4:11  SCV  
  47  4:12  SCV  
  49  4:21  Banshee  
  52  4:28  SCV x2  
  52  4:29  Supply Depot, Marine x2  
  56  4:34  Siege Tank  
  59  4:41  SCV  
  59  4:42  Supply Depot, SCV  
  61  4:47  Marine  
  61  4:51  Marine  
  63  4:53  Supply Depot  
  63  4:54  SCV x2  
  65  5:05  Marine  
  65  5:06  Siege Tank  
  69  5:08  Marine  
  69  5:10  Banshee  
  73  5:17  SCV x2  
  73  5:21  Supply Depot  
  71  5:31  Bunker  
  70  5:36  Marine x2  
  70  5:38  Siege Tank  
  70  5:40  SCV x2  
  75  5:53  Banshee  
  75  5:54  Marine x2  
  77  5:58  SCV x2  
  77  5:59  Command Center  
  79  6:10  Siege Tank  
  79  6:11  Barracks x2  
  82  6:13  SCV x2  
  83  6:18  Marine x2  
  83  6:24  Engineering Bay  
  83  6:25  Refinery, SCV x2  
  86  6:29  Supply Depot  
  87  6:36  Marine x2  
  87  6:37  Raven  
  91  6:42  Siege Tank  
  94  6:48  Supply Depot  
  94  6:49  SCV x2  
  92  6:55  Marine x2  
  92  6:57  Terran Infantry Weapons Level 1  
  90  7:05  Barracks Tech Lab x2  
  87  7:14  Siege Tank  
  87  7:21  SCV x2  
  89  7:24  Barracks  
  89  7:27  Barracks  
  83  7:30  Marauder, Starport Reactor  
  83  7:31  Marauder, Marine x2  
  83  7:36  Bunker  
  68  7:46  Bunker  
  68  7:47  Bunker  
  68  7:49  Marine  
  69  7:51  Marine  
  69  7:52  Marauder x2  
  69  7:57  Siege Tank  
  75  8:11  Marine  
  75  8:12  Marine  
  76  8:13  Marauder  
  76  8:14  Barracks Reactor, Barracks Tech Lab  
  79  8:25  Barracks Tech Lab  
  73  8:29  Siege Tank, SCV x2  
  78  8:36  Barracks Tech Lab  
  78  8:37  Marine x2  
  78  8:38  Barracks Tech Lab  
  78  8:41  SCV  
  81  8:42  SCV  
  81  8:46  Marauder  
  84  8:53  SCV  
  84  8:54  Combat Shields, SCV  
  84  8:55  Stimpack  
  75  8:57  Marauder x2  
  75  8:58  Marine x2  
  75  8:59  Marine x2  
  83  9:05  Siege Tank  
  83  9:08  Marauder, SCV x2  
  74  9:17  Marine x4  
  74  9:19  Marauder x2  
  74  9:20  SCV  
  74  9:21  SCV  
  80  9:29  Marauder  
  81  9:34  Engineering Bay, Medivac  
  81  9:37  Siege Tank  
  78  9:38  Medivac  
  68  9:47  Marauder x2  
  71  9:55  Marine x3  
  71  10:09  Marauder x2  
  68  10:34  Marauder  
Show
View Real Time Build Order
Export as new Build Order

PartinG Protoss - Winner!

Build Orders: 1 Gate Expand 

Get SALT Encoding   

  12  0:00  Probe  
  13  0:13  Probe  
  14  0:17  Pylon  
  14  0:23  Probe  
  15  0:31  Probe  
  15  0:36  Gateway  
  15  0:40  Probe  
  16  0:45  Assimilator  
  17  0:51  Probe  
  18  1:03  Probe  
  19  1:15  Probe  
  20  1:23  Cybernetics Core  
  20  1:31  Nexus  
  20  1:38  Pylon  
  20  1:46  Assimilator, Probe  
  21  1:50  Adept  
  21  1:59  Warp Gate  
  21  2:00  Probe  
  24  2:07  Stalker  
  24  2:12  Probe  
  27  2:25  Probe  
  27  2:29  Robotics Facility  
  29  2:37  Probe  
  29  2:39  Stalker  
  29  2:40  Probe  
  31  2:48  Probe  
  31  2:50  Probe  
  34  2:59  Probe  
  34  3:02  Probe  
  36  3:08  Probe  
  36  3:11  Stalker  
  37  3:14  Probe  
  37  3:16  Probe, Observer  
  39  3:25  Probe, Pylon  
  39  3:26  Probe  
  42  3:36  Shield Battery  
  42  3:38  Probe x2  
  42  3:40  Warp Prism  
  46  3:51  Robotics Bay  
  46  3:52  Assimilator  
  46  3:54  Assimilator, Probe  
  46  3:55  Probe  
  48  4:01  Pylon  
  48  4:04  Stalker  
  48  4:07  Probe x2  
  52  4:13  Gateway  
  52  4:18  Gateway  
  52  4:20  Probe x2  
  54  4:29  Twilight Council  
  54  4:31  Disruptor, Stalker  
  55  4:35  Shield Battery  
  55  4:38  Gravitic Drive  
  55  4:45  Probe  
  59  4:46  Probe  
  59  4:50  Pylon  
  60  4:55  Blink, Forge  
  60  5:00  Observer  
  60  5:01  Pylon  
  61  5:15  Observer  
  61  5:17  Probe x2  
  61  5:20  Stalker x2  
  61  5:21  Stalker  
  66  5:36  Observer  
  66  5:40  Disruptor  
  69  5:46  Stalker x2  
  73  5:51  Stalker  
  73  5:54  Shield Battery  
  73  5:57  Shield Battery  
  73  6:02  Gateway  
  73  6:04  Gateway  
  73  6:07  Gateway  
  73  6:08  Pylon x2  
  73  6:12  Protoss Ground Weapons Level 1  
  73  6:17  Pylon  
  73  6:19  Pylon  
  73  6:21  Pylon  
  73  6:26  Disruptor  
  73  6:31  Stalker  
  78  6:36  Stalker x2  
  82  6:42  Probe x2  
  83  7:01  Stalker x5  
  82  7:09  Observer  
  83  7:17  Stalker  
  82  7:25  Stalker x4  
  78  7:48  Stalker x4  
  78  7:49  Nexus  
  78  7:50  Stalker  
  88  7:54  Stalker  
  90  7:59  Pylon  
  90  8:02  Probe, Pylon  
  91  8:14  Probe x2  
  83  8:30  Stalker x4  
  83  8:31  Protoss Ground Armor Level 1  
  90  8:39  Probe x2  
  90  8:57  Stalker x6  
  88  9:20  Stalker x5  
  94  9:25  Probe x3  
  94  9:29  Stalker  
  99  9:37  Probe x2  
  97  9:41  Probe  
  97  9:44  Stalker  
  90  9:49  Probe x2  
  90  9:50  Stalker x2  
  93  10:01  Probe x2  
  93  10:03  Disruptor  
  98  10:11  Stalker x3  
  98  10:13  Probe x2  
  106  10:25  Probe x2  
  96  10:35  Probe  
  96  10:36  Stalker x3  
  96  10:37  Probe, Stalker x3  
  96  10:38  Probe  
Tags
 
Add a new tag
Caveats
  • Supply blocks, unpowered buildings, or Contaminate may cause inaccurate times.
  • Supply counts are checked every 10 seconds.